AoeStats
← Headhunter_GG

Arabia

510746366Analyzed
2v2 RM · 13h ago on Oct 2, 2026· 20m 38s· 4 players
Game mode
Random Map
Map size
Medium (4 player)
Population
200
Speed
Normal
Resources
Standard
Victory
Conquest
Starting age
Dark Age
Ending age
Imperial Age
RankedLock teamsTeams togetherTeam positionsShared explorationLock speedFull tech treeHidden civsTurbo modeCheats
Victory
Defeat
🇪🇸 Goths · Spain
1386
+12
🇹🇼 Mongols · Taiwan
1333
+15
🇩🇪 Persians · Germany
1306
-14
🇨🇴 Saracens · Colombia
1288
-13
Headhunter_GG
5:57 Loom
8:12 Feudal Age
8:58 Double-Bit Axe
10:13 Horse Collar
19:32 Castle Age
ofespinelman
6:19 Loom
9:49 Feudal Age
17:16 Double-Bit Axe
21:41 Castle Age
20:02 Gold Mining
20:08 Stone Mining
MISTER COLLEJAS
5:01 Loom
10:24 Feudal Age
14:07 Castle Age
13:09 Double-Bit Axe
15:23 Squires
fox0503
8:07 Feudal Age
15:06 Loom
15:11 Double-Bit Axe
18:43 Castle Age
16:57 Horse Collar
18:35 Bloodlines
20:04 Bow Saw
Connection lost

Rejoining the realm…

Still unreachable

The connection could not be restored.

Session expired

The server has moved on; the page needs a fresh start.